TOP OF THE 1ST |
Thunder Bay Northern Lions BC batting - Pitching for Charleston Battery : LHP Hunter Stinson
|
Pitching: LHP Hunter Stinson
|
|
Batting: RHB Jacob Grimsey
|
0-0: Ground out 6-3 (Groundball, 6, EV 92.5 MPH)
|
Batting: RHB Shintaro Hagi
|
0-0: Ball 1-0: Ball 2-0: Bunt missed! 2-1: Ball 3-1: Swinging Strike 3-2: Base on Balls
|
Batting: RHB Tyler Harris
|
0-0: Called Strike 0-1: Fielders Choice at 2nd, 1-4 (Groundball, 15S, EV 68.1 MPH)
|
Batting: LHB Hudson Williams
|
0-0: Called Strike 0-1: Fly out, F9 (Flyball, 89D, EV 80.6 MPH)
|
Top of the 1st over - 0 runs, 0 hits, 0 errors, 1 left on base; Thunder Bay 0 - Charleston 0 |
BOTTOM OF THE 1ST |
Charleston Battery batting - Pitching for Thunder Bay Northern Lions BC : LHP Jesús Ramírez
|
Pitching: LHP Jesús Ramírez
|
|
Batting: RHB Eric Bowman
|
0-0: Called Strike 0-1: Ball 1-1: Ball 2-1: Ball 3-1: Ground out 4-3 (Groundball, 4M, EV 104.4 MPH)
|
Batting: LHB Tony Fulton
|
0-0: Ball 1-0: Called Strike 1-1: Foul Ball, location: 2F 1-2: Ball 2-2: Strikes out swinging
|
Batting: RHB Rolf Pauw
|
0-0: Called Strike 0-1: Swinging Strike 0-2: Ball 1-2: Ball 2-2: Strikes out swinging
|
Bottom of the 1st over - 0 runs, 0 hits, 0 errors, 0 left on base; Thunder Bay 0 - Charleston 0 |
TOP OF THE 2ND |
Thunder Bay Northern Lions BC batting - Pitching for Charleston Battery : LHP Hunter Stinson
|
Batting: RHB Wendell D'antonio
|
0-0: Ball 1-0: DOUBLE (Flyball, 8LXD, EV 105.6 MPH)
|
Batting: LHB Mark Morgan
|
0-0: Ball 1-0: Ball 2-0: Foul Ball, location: 2F 2-1: Ball 3-1: Base on Balls
|
Batting: RHB Dave Johns
|
0-0: Ball 1-0: Ball 2-0: Ball 3-0: Called Strike 3-1: Foul Ball, location: 2F 3-2: Fly out, F7 (Flyball, 78S, EV 79.4 MPH)
|
Batting: RHB Baha al Din Abdul-Majid
|
0-0: Called Strike 0-1: Foul Ball, location: 2F 0-2: Grounds into double play, 5-4-3 (Groundball, 5, EV 81.9 MPH)
|
Top of the 2nd over - 0 runs, 1 hit, 0 errors, 1 left on base; Thunder Bay 0 - Charleston 0 |
BOTTOM OF THE 2ND |
Charleston Battery batting - Pitching for Thunder Bay Northern Lions BC : LHP Jesús Ramírez
|
Batting: LHB Horace Ellis
|
0-0: Foul Ball, location: 2F 0-1: Foul Ball, location: 2F 0-2: Ball 1-2: Strikes out swinging
|
Batting: RHB António Vega
|
0-0: Ball 1-0: Ball 2-0: Ball 3-0: Base on Balls
|
Batting: LHB Tom Hancock
|
0-0: Called Strike 0-1: Ball 1-1: Foul Ball, location: 2F 1-2: Foul Ball, location: 2F 1-2: Ball 2-2: Ball 3-2: Ground out 1-3 (Groundball, 13S, EV 66.2 MPH) António Vega to second
|
Batting: SHB Bryan Spilsbury
|
0-0: Foul Ball, location: 2F 0-1: Ball 1-1: Called Strike 1-2: Ball 2-2: Strikes out looking
|
Bottom of the 2nd over - 0 runs, 0 hits, 0 errors, 1 left on base; Thunder Bay 0 - Charleston 0 |
TOP OF THE 3RD |
Thunder Bay Northern Lions BC batting - Pitching for Charleston Battery : LHP Hunter Stinson
|
Batting: RHB Jack Lazarus
|
0-0: Swinging Strike 0-1: Foul Ball, location: 2F 0-2: Strikes out swinging
|
Batting: RHB Jacob Grimsey
|
0-0: Ball 1-0: Called Strike 1-1: Ground out 6-3 (Groundball, 6, EV 88.1 MPH)
|
Batting: RHB Shintaro Hagi
|
0-0: Called Strike 0-1: Called Strike 0-2: Ball 1-2: Strikes out swinging
|
Top of the 3rd over - 0 runs, 0 hits, 0 errors, 0 left on base; Thunder Bay 0 - Charleston 0 |
BOTTOM OF THE 3RD |
Charleston Battery batting - Pitching for Thunder Bay Northern Lions BC : LHP Jesús Ramírez
|
Batting: LHB José Arroyo
|
0-0: Foul Ball, location: 2F 0-1: Ground out 6-3 (Groundball, 6, EV 85.6 MPH)
|
Batting: LHB Esteban Burr
|
0-0: Foul Ball, location: 2F 0-1: Called Strike 0-2: Strikes out looking
|
Batting: RHB Eric Bowman
|
0-0: Called Strike 0-1: Ball 1-1: Foul Ball, location: 2F 1-2: Ground out 6-3 (Groundball, 56, EV 102.5 MPH)
|
Bottom of the 3rd over - 0 runs, 0 hits, 0 errors, 0 left on base; Thunder Bay 0 - Charleston 0 |
TOP OF THE 4TH |
Thunder Bay Northern Lions BC batting - Pitching for Charleston Battery : LHP Hunter Stinson
|
Batting: RHB Tyler Harris
|
0-0: Foul Ball, location: 2F 0-1: Called Strike 0-2: Ground out 6-3 (Groundball, 6, EV 82.5 MPH)
|
Batting: LHB Hudson Williams
|
0-0: Foul Ball, location: 2F 0-1: Called Strike 0-2: Strikes out swinging
|
Batting: RHB Wendell D'antonio
|
0-0: Foul Ball, location: 2F 0-1: Foul Ball, location: 2F 0-2: Strikes out swinging
|
Top of the 4th over - 0 runs, 0 hits, 0 errors, 0 left on base; Thunder Bay 0 - Charleston 0 |
BOTTOM OF THE 4TH |
Charleston Battery batting - Pitching for Thunder Bay Northern Lions BC : LHP Jesús Ramírez
|
Batting: LHB Tony Fulton
|
0-0: Ball 1-0: Fly out, F9 (Flyball, 89D, EV 106.2 MPH)
|
Batting: RHB Rolf Pauw
|
0-0: Ball 1-0: Swinging Strike 1-1: Called Strike 1-2: Foul Ball, location: 2F 1-2: Strikes out swinging
|
Batting: LHB Horace Ellis
|
0-0: Fly out, F8 (Flyball, 8LXD, EV 98.8 MPH)
|
Bottom of the 4th over - 0 runs, 0 hits, 0 errors, 0 left on base; Thunder Bay 0 - Charleston 0 |
TOP OF THE 5TH |
Thunder Bay Northern Lions BC batting - Pitching for Charleston Battery : LHP Hunter Stinson
|
Batting: LHB Mark Morgan
|
0-0: SINGLE (Line Drive, 4D, EV 94.4 MPH)
|
Batting: RHB Dave Johns
|
0-0: Swinging Strike 0-1: Fly out, F8 (Flyball, 8RM, EV 98.1 MPH)
|
Batting: RHB Baha al Din Abdul-Majid
|
0-0: Foul Ball, location: 2F 0-1: Called Strike 0-2: Ball 1-2: Ball 2-2: Ball 3-2: SINGLE (Groundball, 6S, EV 68.1 MPH) (infield hit) Mark Morgan to second
|
Batting: RHB Jack Lazarus
|
0-0: Ball 1-0: Swinging Strike 1-1: Foul Ball, location: 2F 1-2: Fielders Choice at 2nd, 5-4 (Groundball, 56, EV 87.5 MPH) Mark Morgan to third
|
Batting: RHB Jacob Grimsey
|
0-0: Called Strike 0-1: Ground out 6-3 (Groundball, 6M, EV 91.2 MPH)
|
Top of the 5th over - 0 runs, 2 hits, 0 errors, 2 left on base; Thunder Bay 0 - Charleston 0 |
BOTTOM OF THE 5TH |
Charleston Battery batting - Pitching for Thunder Bay Northern Lions BC : LHP Jesús Ramírez
|
Batting: RHB António Vega
|
0-0: Called Strike 0-1: Called Strike 0-2: Ball 1-2: Ball 2-2: Strikes out swinging
|
Batting: LHB Tom Hancock
|
0-0: Called Strike 0-1: Ball 1-1: Foul Ball, location: 2F 1-2: Ball 2-2: SINGLE (Line Drive, 78M, EV 91.9 MPH)
|
Batting: SHB Bryan Spilsbury
|
0-0: Foul Ball, location: 2F 0-1: Foul Ball, location: 2F 0-2: Grounds into double play, 4-6-3 (Groundball, 34, EV 80.0 MPH)
|
Bottom of the 5th over - 0 runs, 1 hit, 0 errors, 0 left on base; Thunder Bay 0 - Charleston 0 |
TOP OF THE 6TH |
Thunder Bay Northern Lions BC batting - Pitching for Charleston Battery : LHP Hunter Stinson
|
Batting: RHB Shintaro Hagi
|
0-0: Ball 1-0: Ball 2-0: Ball 3-0: Base on Balls
|
Batting: RHB Tyler Harris
|
0-0: Ball 1-0: SINGLE (Groundball, 13S, EV 63.1 MPH) (infield hit) Shintaro Hagi to second
|
Batting: LHB Hudson Williams
|
0-0: Called Strike 0-1: Swinging Strike 0-2: Strikes out swinging
|
Batting: RHB Wendell D'antonio
|
0-0: Ball Shintaro Hagi steals 3rd base 1-0: SINGLE (Flyball, 78S, EV 83.8 MPH) Shintaro Hagi scores Tyler Harris to second
|
Batting: LHB Mark Morgan
|
0-0: Called Strike 0-1: Ball 1-1: Fielders Choice at 2nd, U6 (Groundball, 4M, EV 91.2 MPH) Tyler Harris to third
|
Batting: RHB Dave Johns
|
0-0: Fly out, F8 (Flyball, 8LM, EV 91.9 MPH)
|
Top of the 6th over - 1 run, 2 hits, 0 errors, 2 left on base; Thunder Bay 1 - Charleston 0 |
BOTTOM OF THE 6TH |
Charleston Battery batting - Pitching for Thunder Bay Northern Lions BC : LHP Jesús Ramírez
|
Batting: LHB José Arroyo
|
0-0: Ball 1-0: Foul Ball, location: 2F 1-1: Ball 2-1: Fly out, F6 (Popup, 6MD, EV 54.4 MPH)
|
Batting: LHB Esteban Burr
|
0-0: Ball 1-0: Swinging Strike 1-1: Ground out 4-3 (Groundball, 34, EV 103.8 MPH)
|
Batting: RHB Eric Bowman
|
0-0: Called Strike 0-1: Ball 1-1: Called Strike 1-2: Strikes out swinging
|
Bottom of the 6th over - 0 runs, 0 hits, 0 errors, 0 left on base; Thunder Bay 1 - Charleston 0 |
TOP OF THE 7TH |
Thunder Bay Northern Lions BC batting - Pitching for Charleston Battery : LHP Hunter Stinson
|
Batting: RHB Baha al Din Abdul-Majid
|
0-0: Foul Ball, location: 2F 0-1: Ground out 1-3 (Groundball, 34S, EV 67.5 MPH)
|
Batting: RHB Jack Lazarus
|
0-0: Fly out, F9 (Flyball, 9, EV 91.9 MPH)
|
Batting: RHB Jacob Grimsey
|
0-0: Ball 1-0: Ball 2-0: Called Strike 2-1: Foul Ball, location: 2F 2-2: Ball 3-2: Base on Balls
|
Batting: RHB Shintaro Hagi
|
0-0: Ball 1-0: Foul Ball, location: 2F 1-1: Called Strike 1-2: Strikes out looking
|
Top of the 7th over - 0 runs, 0 hits, 0 errors, 1 left on base; Thunder Bay 1 - Charleston 0 |
BOTTOM OF THE 7TH |
Charleston Battery batting - Pitching for Thunder Bay Northern Lions BC : LHP Jesús Ramírez
|
Batting: LHB Tony Fulton
|
0-0: Called Strike 0-1: Called Strike 0-2: Strikes out looking
|
Batting: RHB Rolf Pauw
|
0-0: Fly out, F9 (Flyball, 9, EV 93.1 MPH)
|
Batting: LHB Horace Ellis
|
0-0: Ball 1-0: Foul Ball, location: 2F 1-1: Ball 2-1: Foul Ball, location: 2F 2-2: SINGLE (Groundball, 4MD, EV 100.0 MPH)
|
Batting: RHB António Vega
|
0-0: Ball 1-0: Called Strike 1-1: Ball 2-1: Foul Ball, location: 2F 2-2: Foul Ball, location: 2F 2-2: Strikes out swinging
|
Bottom of the 7th over - 0 runs, 1 hit, 0 errors, 1 left on base; Thunder Bay 1 - Charleston 0 |
TOP OF THE 8TH |
Thunder Bay Northern Lions BC batting - Pitching for Charleston Battery : LHP Hunter Stinson
|
Batting: RHB Tyler Harris
|
0-0: Ball 1-0: Foul Ball, location: 2F 1-1: Ball 2-1: Called Strike 2-2: Ball 3-2: Base on Balls
|
Batting: LHB Hudson Williams
|
0-0: Foul Ball, location: 2F 0-1: Ground out 4-3 (Groundball, 34, EV 98.8 MPH) Tyler Harris to second
|
Batting: RHB Wendell D'antonio
|
0-0: Intentional Walk
|
Batting: LHB Mark Morgan
|
0-0: Called Strike 0-1: Called Strike 0-2: Ball 1-2: Foul Ball, location: 2F 1-2: Ball 2-2: Foul Ball, location: 2F 2-2: Foul Ball, location: 2F 2-2: Foul Ball, location: 2F 2-2: Foul Ball, location: 2F 2-2: Strikes out looking
|
Pitching: LHP José Correa
|
|
Batting: RHB Dave Johns
|
0-0: Called Strike 0-1: Ball 1-1: Fly out, F9 (Flyball, 89S, EV 90.6 MPH)
|
Top of the 8th over - 0 runs, 0 hits, 0 errors, 2 left on base; Thunder Bay 1 - Charleston 0 |
BOTTOM OF THE 8TH |
Charleston Battery batting - Pitching for Thunder Bay Northern Lions BC : LHP Jesús Ramírez
|
Batting: LHB Tom Hancock
|
0-0: Called Strike 0-1: Ball 1-1: Swinging Strike 1-2: SINGLE (Groundball, 6MD, EV 98.8 MPH)
|
Pitching: LHP Dan Taylor
|
|
Batting: SHB Bryan Spilsbury
|
0-0: Ball 1-0: Foul Ball, location: 2F 1-1: Grounds into double play, 4-6-3 (Groundball, 13, EV 90.6 MPH)
|
Batting: LHB José Arroyo
|
0-0: Fly out, F9 (Flyball, 9, EV 83.1 MPH)
|
Bottom of the 8th over - 0 runs, 1 hit, 0 errors, 0 left on base; Thunder Bay 1 - Charleston 0 |
TOP OF THE 9TH |
Thunder Bay Northern Lions BC batting - Pitching for Charleston Battery : LHP José Correa
|
Batting: RHB Baha al Din Abdul-Majid
|
0-0: Ball 1-0: Foul Ball, location: 2F 1-1: DOUBLE (Line Drive, 89D, EV 96.2 MPH)
|
Batting: RHB Jack Lazarus
|
0-0: Ball 1-0: Swinging Strike 1-1: SINGLE (Groundball, 34, EV 109.4 MPH) Baha al Din Abdul-Majid to third Runner from 3rd tries for Home, SAFE, throw by RF to home
|
Batting: RHB Jacob Grimsey
|
0-0: Ball 1-0: Ball 2-0: Ball 3-0: Called Strike 3-1: Foul Ball, location: 2F 3-2: Foul Ball, location: 2F 3-2: Foul Ball, location: 2F 3-2: Foul Ball, location: 2F 3-2: Fielders Choice at 2nd, 1-4 (Groundball, 15S, EV 71.2 MPH)
|
Batting: RHB Shintaro Hagi
|
0-0: Reached on error, E5 (Groundball, 56, EV 88.8 MPH) Jacob Grimsey to second
|
Batting: RHB Tyler Harris
|
0-0: Ball 1-0: Called Strike 1-1: Grounds into double play, 5-4-3 (Groundball, 56, EV 106.2 MPH)
|
Top of the 9th over - 1 run, 2 hits, 1 error, 1 left on base; Thunder Bay 2 - Charleston 0 |
BOTTOM OF THE 9TH |
Charleston Battery batting - Pitching for Thunder Bay Northern Lions BC : LHP Dan Taylor
|
Batting: LHB Esteban Burr
|
0-0: Ball 1-0: Called Strike 1-1: Called Strike 1-2: Strikes out swinging
|
Batting: RHB Eric Bowman
|
0-0: Foul Ball, location: 2F 0-1: Swinging Strike 0-2: Ball 1-2: Hit by Pitch
|
Batting: LHB Tony Fulton
|
0-0: Called Strike 0-1: Foul Ball, location: 2F 0-2: Strikes out looking
|
Batting: RHB Rolf Pauw
|
0-0: Called Strike 0-1: Swinging Strike 0-2: Ball 1-2: Ball 2-2: Ball 3-2: Foul Ball, location: 2F 3-2: Foul Ball, location: 2F 3-2: Base on Balls Eric Bowman to second
|
Pitching: RHP Wulf Hinkamp
|
|
Batting: LHB Horace Ellis
|
0-0: Ball 1-0: Ball 2-0: Ball 3-0: Called Strike 3-1: SINGLE (Line Drive, 8LS, EV 99.4 MPH) Eric Bowman to third Rolf Pauw to second
|
Pinch Hitting: LHB Quincy Wright
|
0-0: Called Strike 0-1: Swinging Strike 0-2: Ball 1-2: Ball 2-2: Ball Wild Pitch! Eric Bowman scores Rolf Pauw to third Horace Ellis to second 3-2: Foul Ball, location: 2F 3-2: Strikes out looking
|
Bottom of the 9th over - 1 run, 1 hit, 0 errors, 2 left on base; Thunder Bay 2 - Charleston 1 |
|